 Dungeon Crawl Stone Soup version 0.29-a0-821-g66395355a5 (webtiles) character file.

Game seed: 8059017910631620410

2345 Zeldest the Summoner (level 10, -2/81 HPs)
             Began as a Meteoran Summoner on July 8, 2022.
             Was a Priest of Cheibriados.
             Slain by a killer bee (6 damage)
             ... on level 7 of the Dungeon.
             The game lasted 00:22:24 (3376 turns).

Zeldest the Summoner (Meteoran Summoner)            Turns: 3376, Time: 00:22:25

Health: -2/81      AC: 10    Str: 20    XL:     10   Next: 1%
Magic:  18/18      EV: 12    Int: 28    God:    Cheibriados [***...]
Gold:   309        SH:  0    Dex: 22    Spells: 11/19 levels left

rFire   . . .      SeeInvis .   b - +5 war axe
rCold   . . .      Faith    .   (no shield)
rNeg    . . .      Spirit   .   F - +0 swamp dragon scales
rPois   +          Reflect  .   u - +1 helmet
rElec   .          Harm     .   (no cloak)
rCorr   +          Rampage  .   c - +0 pair of gloves
Will    +....                   (no boots)
Stlth   +.........              (no amulet)
HPRegen 0.23/turn               G - ring of wizardry
MPRegen 0.16/turn               l - ring of resist corrosion

@: glowing, very slow
A: sense surroundings 2, otherworldly, glowing, explore regen
a: Renounce Religion, Bend Time, Temporal Distortion


You were on level 7 of the Dungeon.
You worshipped Cheibriados.
Cheibriados was most pleased with you.
You visited 2 branches of the dungeon, and saw 9 of its levels.

You collected 309 gold pieces.

Inventory:

Hand Weapons
 a - a +4 broad axe
 b - a +5 war axe (weapon)
Armour
 c - a +0 pair of gloves (worn)
 k - a +0 buckler
 u - a +1 helmet (worn)
 F - +0 swamp dragon scales (worn)
Jewellery
 l - a ring of resist corrosion (right hand)
 G - a ring of wizardry (left hand)
Wands
 d - a wand of light (12)
 s - a wand of polymorph (10)
 v - a wand of paralysis (28)
 y - a wand of roots (7)
 I - a wand of flame (16)
Scrolls
 g - 2 scrolls of fear {unknown}
 h - 5 scrolls of teleportation
 m - a scroll of vulnerability {unknown}
 p - 2 scrolls of amnesia
 q - a scroll of silence {unknown}
 t - a scroll of immolation {unknown}
 z - 2 scrolls of noise {unknown}
 B - 2 scrolls of magic mapping {unknown}
 C - a scroll of poison {unknown}
 D - 3 scrolls of enchant armour {unknown}
 E - 3 scrolls of fog {unknown}
Potions
 e - 6 potions of brilliance
 f - 3 potions of flight
 i - 4 potions of lignification
 j - a potion of haste
 n - a potion of curing
 o - a potion of invisibility {unknown}
 r - a potion of magic
 w - 3 potions of might
 x - 3 potions of cancellation {unknown}
 A - a potion of mutation {unknown}


   Skills:
 + Level 5.2 Fighting
 * Level 7.9 Axes
 - Level 2.4 Dodging
 - Level 1.4 Stealth
 + Level 3.5 Shields
 - Level 5.0 Spellcasting
 + Level 8.1 Summonings
 - Level 4.0 Translocations
 + Level 5.3 Invocations


You had 11 spell levels left.
You knew the following spells:

 Your Spells              Type           Power      Damage    Failure   Level
a - Call Canine Familiar  Summ           51%        N/A       1%          3
b - Call Imp              Summ           51%        N/A       1%          2
c - Summon Small Mammal   Summ           100%       N/A       1%          1
d - Blink                 Tloc           58%        N/A       1%          2

Your spell library contained the following spells:

 Spells                   Type           Power      Damage    Failure   Level
 Lesser Beckoning         Tloc           29%        N/A       2%          3
 Summon Guardian Golem    Hex/Summ       29%        N/A       2%          3
 Beastly Appendage        Tmut           14%        N/A       4%          1
 Freeze                   Ice            28%        1d5       4%          1
 Sublimation of Blood     Necr           7%         N/A       7%          2
 Wereblood                Tmut           7%         N/A       7%          2
 Summon Lightning Spire   Summ/Air       29%        N/A       9%          4
 Frozen Ramparts          Ice            14%        1d3       14%         3
 Spider Form              Tmut/Pois      7%         N/A       14%         3
 Manifold Assault         Tloc           29%        N/A       24%         5
 Hailstorm                Conj/Ice       7%         3d4       41%         4
 Summon Hydra             Summ           25%        N/A       77%         7


Dungeon Overview and Level Annotations

Branches:
Dungeon (8/15) Zot: 2413   Temple (1/1) D:5 Zot: 865    Lair (0/6) D:8

Altars:
Ashenzari
Cheibriados
Dithmenos
Elyvilon
Fedhas
Gozag
Kikubaaqudgha
Nemelex Xobeh
Qazlal
Ru
Sif Muna
Uskayaw
Vehumet
Wu Jian
Xom
Zin
The Shining One

Shops:
D:5 (

Annotations:
D:3 3 runed translucent doors, IdlyInterested's ghost, amateur DsFi


Innate Abilities, Weirdness & Mutations

You passively map the area around you.
You are easily found by Zot.
You glow in the dark.
You regain HP and MP as you explore.


Message History

The arrow hits the killer bee.
The centaur shoots an arrow.
The arrow hits you.
* * * LOW HITPOINT WARNING * * *
The killer bee stings you but does no damage.
The centaur shoots an arrow.
The arrow hits you.
* * * LOW HITPOINT WARNING * * *
The killer bee stings you but does no damage.
The killer bee completely misses you.
You hear a shout!
An orc comes into view. It is wielding a +0 dagger.
The orc shouts!
The killer bee stings you.
* * * LOW HITPOINT WARNING * * *
The centaur shoots an arrow.
The arrow hits you.
* * * LOW HITPOINT WARNING * * *
The killer bee completely misses you.
The centaur shoots an arrow.
The arrow hits you.
* * * LOW HITPOINT WARNING * * *
An ogre comes into view. It is wielding a +0 giant club.
The killer bee completely misses you. The killer bee closely misses you.
The orc moves out of view.
There is an escape hatch in the ceiling here.
The killer bee stings you but does no damage.
The killer bee closely misses you. The killer bee stings you.
* * * LOW HITPOINT WARNING * * *
The centaur shoots an arrow.
The arrow barely misses you.
The arrow hits the killer bee!
The killer bee dies!
The killer bee stings you.
* * * LOW HITPOINT WARNING * * *
The killer bee stings you.
* * * LOW HITPOINT WARNING * * *
You hear a shout!
A mysterious force pulls you upwards. The hatch slams shut behind you.
You feel better. The killer bee stings you.
* * * LOW HITPOINT WARNING * * *
The killer bee stings you but does no damage.
The killer bee stings you.
* * * LOW HITPOINT WARNING * * *
The killer bee stings you.
You die...

####.##
##...###......#
##.###.###.#.......#
##.#..# #........#
##...# ###.#.##[###
#...# #...))......
##..# #.#.))......
#..# #.###)##.###
#..####.###<......
#@y##.....#..#.#..
#.y##.)...#.......
#.................
#.###.....##.####.
#.# #.....##.# ##
#.. .......#.#
#######.##.... , #..
...., ###.!..


You could see 2 killer bees.

Vanquished Creatures
  Maggie (D:7)
  A wyvern (D:8)
  Menkaure (D:4)
  An ogre (D:6)
  A centaur (D:7)
  2 kobold brigands
  2 bullfrogs (D:7)
  A scorpion (D:6)
  A wight (D:8)
  3 killer bees (D:8)
  A howler monkey (D:7)
  Crazy Yiuf (D:6)
  2 jellies
  A gnoll bouda (D:7)
  An orc priest (D:7)
  A hound (D:5)
  3 iguanas
  An orc wizard (D:7)
  2 adders
  6 gnolls
  3 river rats (D:4)
  7 orcs
  3 bats
  2 hobgoblins
  4 ball pythons
  2 goblins
  8 kobolds
  3 rats (D:4)
65 creatures vanquished.

Vanquished Creatures (collateral kills)
  An ice beast (D:6)
  A black bear (D:6)
  2 ogres (D:5)
  A killer bee (D:8)
  A hound (D:5)
  A gnoll bouda (D:7)
  An orc priest (D:7)
  A jelly (D:4)
  2 gnolls (D:7)
  4 adders
  A river rat (D:4)
  6 dart slugs (D:6)
  13 orcs
  3 ball pythons
  2 bats
  4 endoplasms
  A giant cockroach (D:1)
  A goblin (D:2)
  3 hobgoblins
  6 jackals
  7 kobolds
  13 rats (D:4)
75 creatures vanquished.

Vanquished Creatures (others)
  A killer bee (D:8)
  2 plants (D:5)
3 creatures vanquished.

Grand Total: 143 creatures vanquished

Notes
Turn   | Place    | Note
-------+----------+-------------------------------------------
     0 | D:1      | Zeldest the Meteoran Summoner began the quest for the Orb.
     0 | D:1      | Reached XP level 1. HP: 14/14 MP: 5/5
   191 | D:1      | Reached skill level 5 in Summonings
   191 | D:1      | Reached XP level 2. HP: 17/22 MP: 4/6
   311 | D:2      | Learned a level 2 spell: Call Imp
   354 | D:2      | Reached XP level 3. HP: 19/27 MP: 6/8
   387 | D:2      | Reached skill level 1 in Fighting
   387 | D:2      | Reached skill level 1 in Shields
   582 | D:3      | Found a runed translucent gate.
   582 | D:3      | Found a runed translucent gate.
   582 | D:3      | Found a runed translucent gate.
   583 | D:3      | Noticed IdlyInterested's ghost (amateur DsFi)
   676 | D:3      | Reached XP level 4. HP: 14/35 MP: 3/9
   909 | D:4      | Found a shimmering altar of Xom.
   914 | D:4      | Learned a level 3 spell: Call Canine Familiar
   943 | D:4      | Found a shimmering altar of Xom.
   943 | D:4      | Found a shimmering altar of Xom.
   944 | D:4      | Found a shimmering altar of Xom.
   995 | D:4      | Found a shimmering altar of Xom.
  1052 | D:4      | Reached skill level 1 in Axes
  1127 | D:5      | Entered Level 5 of the Dungeon
  1145 | D:5      | Found a snail-covered altar of Cheibriados.
  1171 | D:5      | Found Moho Ycw's Weapon Shoppe.
  1171 | D:5      | Noticed an ogre
  1185 | D:5      | Killed an ogre
  1186 | D:5      | Reached skill level 6 in Summonings
  1186 | D:5      | Reached XP level 5. HP: 27/41 MP: 4/11
  1186 | D:5      | Reached XP level 6. HP: 32/48 MP: 4/12
  1280 | D:5      | Became a worshipper of Cheibriados the Contemplative
  1284 | D:5      | Learned a level 2 spell: Blink
  1482 | D:4      | Noticed Menkaure
  1488 | D:4      | Killed Menkaure
  1489 | D:4      | Reached skill level 1 in Translocations
  1489 | D:4      | Reached skill level 1 in Invocations
  1489 | D:4      | Reached XP level 7. HP: 30/56 MP: 7/14
  1578 | D:5      | Found a white marble altar of Elyvilon.
  1664 | D:4      | Reached * piety under Cheibriados
  1898 | D:5      | Found a staircase to the Ecumenical Temple.
  1905 | Temple   | Entered the Ecumenical Temple
  2017 | D:5      | Found a blossoming altar of Fedhas.
  2153 | D:6      | Reached XP level 8. HP: 63/63 MP: 13/15
  2263 | D:6      | Reached ** piety under Cheibriados
  2264 | D:6      | Reached skill level 5 in Axes
  2343 | D:6      | Found a runed translucent door.
  2344 | D:6      | Noticed Crazy Yiuf
  2355 | D:6      | Killed Crazy Yiuf
  2481 | D:6      | Reached skill level 5 in Spellcasting
  2481 | D:6      | Reached skill level 7 in Summonings
  2507 | D:6      | Found a shadowy altar of Dithmenos.
  2550 | D:6      | Found a glowing silver altar of Zin.
  2705 | D:6      | Found a stormy altar of Qazlal.
  2740 | D:7      | Gained mutation: You passively map the area around you.
                  | [Meteoran growth]
  2740 | D:7      | Reached XP level 9. HP: 51/71 MP: 17/17
  3079 | D:7      | Reached *** piety under Cheibriados
  3138 | D:7      | Found an ancient bone altar of Kikubaaqudgha.
  3142 | D:7      | Found a sparkling altar of Nemelex Xobeh.
  3142 | D:7      | Found a sacrificial altar of Ru.
  3216 | D:7      | Noticed Maggie
  3224 | D:7      | Killed Maggie
  3225 | D:7      | Reached skill level 5 in Invocations
  3307 | D:8      | Reached skill level 5 in Fighting
  3308 | D:8      | Reached skill level 8 in Summonings
  3354 | D:8      | Reached XP level 10. HP: 35/81 MP: 18/18
  3374 | D:8      | HP: 1/81 [killer bee (5)]
  3376 | D:7      | Slain by a killer bee

Illustrated notes

Levels and vault maps discovered:
D:1:      dpeg_arrival_snail, layout_basic, shapermc_ecumenical_altar_rom_forum,
          minmay_tetromino_o2
D:2:      layout_loops_ring, palyth_stone_intersect
D:3:      layout_loops_ring, gammafunk_ghost_split, st_stairs_8, minivault_5,
          chequers_serial_rivers_micro_a
D:4:      layout_loops_corners, xom_redecorated, dk_rats_in_the_wall,
          uniq_menkaure
D:5:      layout_loops_corners, mainiacjoe_overflow_concentric_impassable,
          cheibriados_altar_1, nicolae_elyvilon_temple_path,
          minmay_temple_entry_wispy, serial_shops, nicolae_shop_hallway_plus
D:6:      kennysheep_slugbush, layout_loops_corners, lemuel_crystal_altar,
          mainiacjoe_overflow_24_doors, zin_statuary, uniq_crazy_yiuf_cottage
D:7:      layout_loops_ring, grunt_temple_overflow_diamond, uniq_maggie
D:8:      layout_rooms, trog_book, lemuel_tele_altar, lair_entry_dummy,
          special_room [special_room_orc]
Temple:   nicolae_temple_ecumenical_triangle

Skill      XL: |  1  2  3  4  5  6  7  8  9 |
---------------+----------------------------+-----
Summonings     | 5 6 7 8 |  8.1
Spellcasting   | 3 4 5 |  5.0
Fighting       | 1 2 3 4 5 |  5.2
Shields        | 1 3 |  3.5
Axes           | 2 3 4 5 7 |  7.9
Translocations | 1 2 3 4 |  4.0
Invocations    | 1 2 3 5 |  5.3
Dodging        | |  2.4
Stealth        | |  1.4

Action                   |  1- 3 |  4- 6 |  7- 9 | 10-12 || total
-------------------------+-------+-------+-------+-------++-------
Melee: Short sword       |    41 |       |       |       ||    41
       Unarmed           |     6 |       |       |       ||     6
       Punch             |     1 |       |     1 |       ||     2
       Broad axe         |       |    38 |   152 |       ||   190
       War axe           |       |       |       |     4 ||     4
 Cast: Summon Small Mamm |    25 |     3 |    19 |       ||    47
       Call Imp          |    12 |     9 |    16 |       ||    37
       Call Canine Famil |       |     8 |    18 |       ||    26
       Blink             |       |       |       |     1 ||     1
Evoke: Wand              |       |       |     4 |     1 ||     5
  Use: Scroll            |     1 |     5 |     6 |     1 ||    13
       Potion            |     1 |       |     1 |     3 ||     5
 Stab: Distracted        |     1 |       |     1 |       ||     2
       Paralysed         |       |       |     3 |       ||     3
Armor: Robe              |    28 |    22 |    12 |       ||    62
       Ring mail         |       |       |    56 |       ||    56
       Swamp dragon scal |       |       |     9 |    13 ||    22
Dodge: Dodged            |    54 |    38 |   132 |    17 ||   241

Table legend: (Time is in decaauts)
 A = Elapsed time spent in this place.
 B = Non-inter-level travel time spent in this place.
 C = Inter-level travel time spent in this place.
 D = Time resting spent in this place.
 E = Time spent auto-exploring this place.
 F = Levels seen in this place.
 G = Mean time per level.
                   A        B        C        D        E       F      G
               +--------+--------+--------+--------+--------+-----+--------+
         Total |   4166 |   4057 |    109 |     43 |     21 |   9 |  462.9 |
       Dungeon |   4131 |   4022 |    109 |     43 |     21 |   8 |  516.4 |
        Temple |     34 |     34 |      0 |      0 |      0 |   1 |   34.0 |
               +--------+--------+--------+--------+--------+-----+--------+

Top non-repeatable levels by time:
     D:7: 836 daAuts
     D:6: 785 daAuts
     D:5: 780 daAuts
     D:4: 678 daAuts
     D:3: 328 daAuts
     D:2: 306 daAuts
     D:1: 303 daAuts
     D:8: 110 daAuts
  Temple: 34 daAuts
